 Dungeon Crawl Stone Soup version 0.27-a0-1189-gb8eb6cee8e (webtiles) character file.

Game seed: 17063358070262466225

2432 leviel the Severer (level 9, -11/71 HPs)
             Began as a Hill Orc Fighter on May 22, 2021.
             Was a Follower of the Shining One.
             Mangled by an orc knight
             ... wielding a +0 war axe
              (23 damage)
             ... in a bailey.
             The game lasted 00:09:33 (5586 turns).

leviel the Severer (Hill Orc Fighter)               Turns: 5586, Time: 00:09:33

Health: -11/71     AC: 10    Str: 22    XL:     9   Next: 48%
Magic:  9/9        EV:  7    Int:  8    God:    the Shining One [*.....]
Gold:   1026       SH:  9    Dex: 10    Spells: 8/8 levels left

rFire    + + .     SeeInvis .   a - +0 war axe
rCold    + . .     Faith    .   c - +0 kite shield
rNeg     . . .     Spirit   .   b - +0 scale mail
rPois    +         Reflect  .   h - +1 helmet
rElec    +         Harm     .   (no cloak)
rCorr    +         Rampage  .   w - +0 pair of gloves
Will     .....                  (no boots)
Stlth    ..........             (no amulet)
HPRegen  0.21/turn              i - +4 ring of slaying
MPRegen  0.11/turn              t - ring of protection from fire

@: mighty, resistant, glowing
A: no striking features
a: Renounce Religion


You were in a bailey.
You worshipped the Shining One.
The Shining One was aware of your devotion.
You visited 2 branches of the dungeon, and saw 9 of its levels.
You also visited: Bailey.

You collected 1026 gold pieces.

Inventory:

Hand Weapons
 a - a +0 war axe (weapon)
Missiles
 p - 3 throwing nets
Armour
 b - a +0 scale mail (worn)
 c - a +0 kite shield (worn)
 h - a +1 helmet (worn)
 w - a +0 pair of gloves (worn)
Jewellery
 i - a +4 ring of slaying (left hand)
 t - a ring of protection from fire (right hand)
 v - a ring of positive energy
 D - a ring of protection from fire
Wands
 k - a wand of iceblast (1) (quivered)
Scrolls
 g - 2 scrolls of identify {@r1}
 u - a scroll of magic mapping
 y - a scroll of enchant weapon {unknown}
 z - a scroll of acquirement {unknown}
 A - a scroll of teleportation {unknown}
 B - a scroll of holy word {unknown}
Potions
 d - a potion of degeneration {unknown}
 f - 4 potions of curing
 j - 2 potions of invisibility {unknown}
 l - a potion of ambrosia {unknown}
 m - a potion of resistance
 n - a potion of flight {unknown}
 o - a potion of magic {unknown}
 q - a potion of lignification {unknown}
 r - 2 potions of haste {unknown}
 x - a potion of might
Miscellaneous
 C - a piece from Xom's chessboard (3/15)


   Skills:
 - Level 4.2 Fighting
 + Level 15.0 Axes
 - Level 3.7 Armour
 - Level 3.8 Shields


You had 8 spell levels left.
You didn't know any spells.
Your spell library contained the following spells:

 Spells                   Type           Power      Damage    Failure   Level
 Corona                   Hex            0%         N/A       99%         1
 Ensorcelled Hibernation  Hex/Ice        0%         N/A       100%        2
 Confusing Touch          Hex            0%         N/A       100%        3
 Dazzling Flash           Conj/Hex       0%         N/A       100%        3
 Tukima's Dance           Hex            0%         N/A       100%        3


Dungeon Overview and Level Annotations

Branches:
Dungeon (8/15)             Temple (1/1) D:4          Bailey (1/1)
   Lair: D:8-11

Altars:
Cheibriados
Elyvilon
Fedhas
Gozag
Kikubaaqudgha
Makhleb
Nemelex Xobeh
Okawaru
Qazlal
Ru
Sif Muna
Trog
Xom
Yredelemnul
Zin
The Shining One

Shops:
D:2 *   D:4 [


Message History

You hit the orc knight.
The orc knight is lightly wounded.
You barely miss the orc knight.
The orc knight is lightly wounded.
You barely miss the orc knight.
The orc knight hits you with a +0 war axe.
The orc knight hits you with a +0 war axe!!
You are too injured to fight recklessly!
It was a potion of resistance.
You feel protected.
The orc knight no longer looks unusually strong.
You block the orc knight's attack.
The orc knight hits you with a +0 war axe!!
* * * LOW HITPOINT WARNING * * *
There is an open gate here.
Okay, then.
As you read the scroll of fear, it crumbles to dust.
You assume a fearsome visage.
The orc knight resists with some effort. x2
The orc knight hits you with a +0 war axe!!
The Shining One protects you from harm!
The orc knight hits you with a +0 war axe.
* * * LOW HITPOINT WARNING * * *
The orc knight roars a battlecry!
The orc knight goes into a battle-frenzy!
The orc knight no longer looks unusually strong.
Okay, then.
You are too injured to fight recklessly!
Aiming: Iceblast
Press: ? - help, Q - select action, (/) - cycle Shift-Dir - straight line, f - orc knight
Aim: an orc knight, wielding a +0 war axe and wearing a +0 chain mail (lightly wounded)
The mass of ice explodes!
The iceblast engulfs the orc knight!
The orc knight is moderately wounded.
The iceblast engulfs the orc knight!!
The orc knight is moderately wounded.
The orc knight suddenly yells, as Orcs often do.
The orc knight roars a battlecry!
The orc knight goes into a battle-frenzy!
The orc knight hits you with a +0 war axe!!
You die...

#...∩...#
#.......#
##..∩..## ##'''##
#...# ####...####
##≈.......≈##
##≈≈.......≈≈###
.(≈≈...@...≈≈(.+
###≈≈...o...≈≈###
.(≈≈...o...≈≈'.'
###≈≈.......≈≈###
'.'≈≈.......≈≈(('
##≈≈.......≈≈###
+≈≈.......≈≈(.'
#≈≈.......≈≈###
+≈≈.......≈≈'.'


You could see 2 orc knights.

Vanquished Creatures
  Edmund (D:4)
  Menkaure (D:5)
  A water moccasin (D:6)
  Duvessa (D:5)
  2 orc warriors
  Purgy (D:4)
  2 black bears
  2 necrophages
  An ogre (D:5)
  A phantom (D:6)
  2 bullfrogs
  2 scorpions (D:5)
  A water moccasin zombie (D:5)
  3 water moccasin skeletons
  Dowan (D:5)
  A wight (D:8)
  A howler monkey (D:8)
  A centaur zombie (D:8)
  3 hounds
  A bullfrog zombie (D:6)
  2 orc priests (D:7)
  A bullfrog skeleton (D:4)
  8 iguanas
  A hound skeleton (D:5)
  A howler monkey zombie (D:5)
  A gnoll (D:1)
  6 adders
  2 worms
  2 dart slugs
  3 orcs
  5 endoplasms
  A giant cockroach (D:3)
  7 goblins
  3 hobgoblins
  4 jackals (D:1)
  4 quokkas
  6 ball pythons
  4 bats
  A frilled lizard (D:1)
  12 kobolds
  3 rats (D:2)
106 creatures vanquished.

Notes
Turn   | Place    | Note
-------+----------+-------------------------------------------
     0 | D:1      | leviel the Hill Orc Fighter began the quest for the Orb.
     0 | D:1      | Reached XP level 1. HP: 19/19 MP: 1/1
   279 | D:1      | Reached skill level 3 in Axes
   279 | D:1      | Reached XP level 2. HP: 18/27 MP: 2/2
   665 | D:1      | Found a faded altar of an unknown god.
   748 | D:1      | Reached XP level 3. HP: 33/33 MP: 3/3
  1258 | D:2      | Found Ponocvoha's General Store.
  1445 | D:3      | Reached skill level 4 in Axes
  1445 | D:3      | Reached XP level 4. HP: 40/40 MP: 4/4
  1577 | D:3      | Found a blossoming altar of Fedhas.
  1948 | D:4      | Found Yladank's Armour Boutique.
  1948 | D:4      | Noticed Purgy
  1948 | D:4      | Noticed Edmund
  2031 | D:4      | Reached skill level 5 in Axes
  2031 | D:4      | Reached XP level 5. HP: 42/46 MP: 5/5
  2106 | D:4      | Reached skill level 6 in Axes
  2227 | D:4      | Killed Purgy
  2228 | D:4      | Reached skill level 7 in Axes
  2228 | D:4      | Reached XP level 6. HP: 47/52 MP: 6/6
  2292 | D:4      | Killed Edmund
  2293 | D:4      | Reached skill level 8 in Axes
  2580 | D:4      | Noticed a black bear
  2586 | D:4      | Killed a black bear
  2587 | D:4      | Reached skill level 9 in Axes
  2587 | D:4      | Reached XP level 7. HP: 57/59 MP: 7/7
  2688 | D:4      | Found a glowing golden altar of the Shining One.
  3215 | D:4      | Reached skill level 10 in Axes
  3253 | D:4      | Found a staircase to the Ecumenical Temple.
  3460 | Temple   | Entered the Ecumenical Temple
  3735 | D:4      | Became a worshipper of the Shining One
  3796 | D:5      | Entered Level 5 of the Dungeon
  3986 | D:5      | Reached XP level 8. HP: 59/66 MP: 8/8
  4021 | D:5      | Noticed Menkaure
  4030 | D:5      | Killed Menkaure
  4031 | D:5      | Reached skill level 11 in Axes
  4168 | D:5      | Found a shimmering altar of Xom.
  4209 | D:5      | Found a shimmering altar of Xom.
  4210 | D:5      | Found a shimmering altar of Xom.
  4347 | D:5      | Reached skill level 12 in Axes
  4360 | D:5      | Found a white marble altar of Elyvilon.
  4482 | D:5      | Noticed Duvessa
  4482 | D:5      | Noticed Dowan
  4491 | D:5      | Killed Dowan
  4493 | D:5      | Killed Duvessa
  4672 | D:6      | Reached skill level 13 in Axes
  4772 | D:6      | Reached * piety under the Shining One
  4831 | D:6      | Reached XP level 9. HP: 68/71 MP: 9/9
  4944 | D:6      | Reached skill level 14 in Axes
  5335 | D:7      | You fall into a shaft and drop 1 floor!
  5404 | D:8      | Found a flagged portal.
  5413 | Bailey   | Entered a bailey
  5470 | Bailey   | Reached skill level 15 in Axes
  5558 | Bailey   | Noticed an orc knight
  5558 | Bailey   | Noticed an orc knight
  5559 | Bailey   | Found a burning altar of Makhleb.
  5574 | Bailey   | The Shining One protects you from harm!
  5586 | Bailey   | Mangled by an orc knight

Illustrated notes

Levels and vault maps discovered:
D:1:      dpeg_arrival_simpleton_b, layout_loops_ring,
          ebering_ecumenical_altar_box
D:2:      layout_basic, serial_shops, shop
D:3:      layout_loops_ring, overflow_temple_1_default
D:4:      layout_loops_ring, marbit_many_paths, minmay_temple_entry_butterflies,
          serial_shops, shop, minivault_19, uniq_crazy_yiuf_cottage, uniq_purgy,
          uniq_edmund
D:5:      wander_river, layout_rooms, elyvilon_altar_3, xom_redecorated,
          uniq_menkaure, uniq_duvessa
D:6:      layout_cave_pools
D:7:      lemuel_castle_with_subvaults [lemuel_castle_interior_carwin_2],
          layout_layer_cave, lemuel_doored_altar, hellmonk_bongcloud_opening,
          grunt_decor_cap
D:8:      layout_basic, lemuel_round_altar, nicolae_overflow_crystal_walls,
          enter_bailey_8
Temple:   minmay_temple_bridge_abc
Bailey:   bailey_axe_3, bailey

Skill      XL: |  1  2  3  4  5  6  7  8  9 |
---------------+----------------------------+-----
Axes           | 3 4 5 7 9 10 13 15 | 15.0
Fighting       | 4 |  4.2
Armour         | |  3.7
Shields        | |  3.8

Action                   |  1- 3 |  4- 6 |  7- 9 || total
-------------------------+-------+-------+-------++-------
Melee: War axe           |   106 |    77 |   186 ||   369
Evoke: Wand              |       |       |    11 ||    11
       Piece from Xom's  |       |       |    12 ||    12
  Use: Scroll            |     4 |       |     4 ||     8
       Potion            |       |     1 |     2 ||     3
Armor: Scale mail        |    52 |    41 |    59 ||   152
Dodge: Dodged            |    30 |    25 |    53 ||   108
Block: Kite shield       |    75 |    44 |    97 ||   216

Table legend: (Time is in decaauts)
 A = Elapsed time spent in this place.
 B = Non-inter-level travel time spent in this place.
 C = Inter-level travel time spent in this place.
 D = Time resting spent in this place.
 E = Time spent auto-exploring this place.
 F = Levels seen in this place.
 G = Mean time per level.
                   A        B        C        D        E       F      G
               +--------+--------+--------+--------+--------+-----+--------+
         Total |   5718 |   5278 |    440 |    922 |   3424 |  10 |  571.8 |
       Dungeon |   5350 |   4931 |    419 |    849 |   3236 |   8 |  668.8 |
        Temple |    195 |    175 |     20 |      0 |    171 |   1 |  195.0 |
        Bailey |    171 |    171 |      0 |     73 |     17 |   1 |  171.0 |
               +--------+--------+--------+--------+--------+-----+--------+

Top non-repeatable levels by time:
     D:4: 1626 daAuts
     D:1: 862 daAuts
     D:5: 823 daAuts
     D:3: 697 daAuts
     D:6: 527 daAuts
     D:2: 518 daAuts
     D:7: 216 daAuts
  Temple: 195 daAuts
  Bailey: 171 daAuts
     D:8: 77 daAuts
